TOP OF THE 1ST |
Ontario Emus batting - Pitching for Palmyra Overlords : RHP Jesús Manuel
|
Pitching: RHP Jesús Manuel
|
|
Batting: RHB Álex Ochoa
|
0-0: Ball 1-0: Fly out, F8 (Flyball, 8RXD)
|
Batting: LHB Elvin Summers
|
0-0: Ball 1-0: Swinging Strike 1-1: Ground out 6-3 (Groundball, 6M)
|
Batting: RHB Álex Martínez
|
0-0: Ground out 5-3 (Groundball, 5S)
|
Top of the 1st over - 0 run(s), 0 hit(s), 0 error(s), 0 left on base; Ontario 0 - Palmyra 0 |
BOTTOM OF THE 1ST |
Palmyra Overlords batting - Pitching for Ontario Emus : RHP Ánibal Hernández
|
Pitching: RHP Ánibal Hernández
|
|
Batting: SHB José Rincón
|
0-0: Ball 1-0: Ball 2-0: Called Strike 2-1: SOLO HOME RUN (Flyball, 9D), Distance : 411 ft
|
Batting: RHB Ramón Román
|
0-0: Ball 1-0: Swinging Strike 1-1: Fly out, F8 (Flyball, 8RM)
|
Batting: RHB Jaime Rodríguez
|
0-0: Swinging Strike 0-1: Foul Ball, location: 2F 0-2: Ball 1-2: Ground out 6-3 (Groundball, 6)
|
Batting: RHB José Ortega
|
0-0: Called Strike 0-1: Foul Ball, location: 2F 0-2: Ball 1-2: Ball 2-2: Strikes out swinging
|
Bottom of the 1st over - 1 run(s), 1 hit(s), 0 error(s), 0 left on base; Ontario 0 - Palmyra 1 |
TOP OF THE 2ND |
Ontario Emus batting - Pitching for Palmyra Overlords : RHP Jesús Manuel
|
Batting: SHB Darrel Lang
|
0-0: Called Strike 0-1: Called Strike 0-2: Ball 1-2: Ball 2-2: Ball 3-2: Base on Balls
|
Batting: LHB Dave Raines
|
0-0: Ball 1-0: Ball 2-0: Called Strike 2-1: Swinging Strike 2-2: Strikes out swinging
|
Batting: RHB Albert Galindo
|
0-0: Ball 1-0: Ball 2-0: Ball 3-0: Called Strike 3-1: Base on Balls Darrel Lang to second
|
Batting: LHB Cipriano Martínez
|
0-0: Called Strike 0-1: Ball 1-1: Swinging Strike 1-2: Strikes out swinging
|
Batting: RHB Jack Crossey
|
0-0: Foul Ball, location: 2F 0-1: Ball 1-1: SINGLE (Line Drive, 34) Darrel Lang to third Albert Galindo to second Runner from 3rd tries for Home, SAFE, no throw or cutoff
|
Batting: RHB Glen Madden
|
0-0: Swinging Strike 0-1: Ball 1-1: Ball 2-1: Foul Ball, location: 2F 2-2: Strikes out looking
|
Top of the 2nd over - 1 run(s), 1 hit(s), 0 error(s), 2 left on base; Ontario 1 - Palmyra 1 |
BOTTOM OF THE 2ND |
Palmyra Overlords batting - Pitching for Ontario Emus : RHP Ánibal Hernández
|
Batting: LHB Jeff West
|
0-0: Ball 1-0: Ball 2-0: Called Strike 2-1: Called Strike 2-2: Ball 3-2: Ground out 3-1 (Groundball, 34)
|
Batting: SHB Travis Martin
|
0-0: Fly out, F7 (Flyball, 7LMF)
|
Batting: RHB Carlos López
|
0-0: Foul Ball, location: 2F 0-1: Called Strike 0-2: Fly out, F1 (Popup, 13)
|
Bottom of the 2nd over - 0 run(s), 0 hit(s), 0 error(s), 0 left on base; Ontario 1 - Palmyra 1 |
TOP OF THE 3RD |
Ontario Emus batting - Pitching for Palmyra Overlords : RHP Jesús Manuel
|
Batting: RHB Álex Ochoa
|
0-0: Fly out, F5 (Line Drive, 5S)
|
Batting: LHB Elvin Summers
|
0-0: Called Strike 0-1: Ball 1-1: Called Strike 1-2: Ball 2-2: Strikes out looking
|
Batting: RHB Álex Martínez
|
0-0: Swinging Strike 0-1: Called Strike 0-2: Ball 1-2: Ball 2-2: Hit by Pitch
|
Batting: SHB Darrel Lang
|
0-0: Ball 1-0: SINGLE (Groundball, 4MD) Álex Martínez to second
|
Batting: LHB Dave Raines
|
0-0: Called Strike 0-1: Ball 1-1: Swinging Strike 1-2: Ball 2-2: Foul Ball, location: 2F 2-2: SINGLE (Groundball, 5D) Álex Martínez to third Darrel Lang to second Runner from 3rd tries for Home, SAFE, no throw or cutoff
|
Batting: RHB Albert Galindo
|
0-0: Ball 1-0: Fly out, F9 (Flyball, 89M)
|
Top of the 3rd over - 1 run(s), 2 hit(s), 0 error(s), 2 left on base; Ontario 2 - Palmyra 1 |
BOTTOM OF THE 3RD |
Palmyra Overlords batting - Pitching for Ontario Emus : RHP Ánibal Hernández
|
Batting: LHB Ryan Flynn
|
0-0: Ground out 4-3 (Groundball, 4MS)
|
Batting: RHB Matt Thompson
|
0-0: Ball 1-0: Swinging Strike 1-1: Ball 2-1: Ground out 5-3 (Groundball, 56)
|
Batting: SHB José Rincón
|
0-0: Ball 1-0: Ball 2-0: Ball 3-0: Base on Balls
|
Batting: RHB Ramón Román
|
0-0: Ball José Rincón steals 2nd base 1-0: DOUBLE (Flyball, 78M) José Rincón scores
|
Batting: RHB Jaime Rodríguez
|
0-0: Called Strike 0-1: Ball 1-1: Ball 2-1: Foul Ball, location: 2F 2-2: Ball 3-2: Fly out, F9 (Flyball, 89XD)
|
Bottom of the 3rd over - 1 run(s), 1 hit(s), 0 error(s), 1 left on base; Ontario 2 - Palmyra 2 |
TOP OF THE 4TH |
Ontario Emus batting - Pitching for Palmyra Overlords : RHP Jesús Manuel
|
Batting: LHB Cipriano Martínez
|
0-0: Ball 1-0: Foul Ball, location: 2F 1-1: Ground out 4-3 (Groundball, 4)
|
Batting: RHB Jack Crossey
|
0-0: Foul Ball, location: 2F 0-1: Foul Ball, location: 2F 0-2: Ball 1-2: Fly out, F4 (Line Drive, 4M)
|
Batting: RHB Glen Madden
|
0-0: Called Strike 0-1: Ball 1-1: SINGLE (Flyball, 8RS)
|
Batting: RHB Álex Ochoa
|
0-0: Ball 1-0: Ground out 1-3 (Groundball, 23)
|
Top of the 4th over - 0 run(s), 1 hit(s), 0 error(s), 1 left on base; Ontario 2 - Palmyra 2 |
BOTTOM OF THE 4TH |
Palmyra Overlords batting - Pitching for Ontario Emus : RHP Ánibal Hernández
|
Batting: RHB José Ortega
|
0-0: Foul Ball, location: 2F 0-1: Swinging Strike 0-2: SINGLE (Groundball, 34D)
|
Batting: LHB Jeff West
|
0-0: Ball 1-0: Ball 2-0: DOUBLE (Line Drive, 8LM) José Ortega to third Runner from 3rd tries for Home, SAFE, throw made at trailing runner, OUT at third!
|
Batting: SHB Travis Martin
|
0-0: Foul Ball, location: 2F 0-1: SINGLE (Line Drive, 8LM)
|
Batting: RHB Carlos López
|
0-0: Ball 1-0: Foul Ball, location: 2F 1-1: Ball 2-1: Ball 3-1: Fly out, F8 (Flyball, 8LM)
|
Batting: LHB Ryan Flynn
|
0-0: Fly out, F8 (Flyball, 8RD)
|
Bottom of the 4th over - 1 run(s), 3 hit(s), 0 error(s), 1 left on base; Ontario 2 - Palmyra 3 |
TOP OF THE 5TH |
Ontario Emus batting - Pitching for Palmyra Overlords : RHP Jesús Manuel
|
Batting: LHB Elvin Summers
|
0-0: Ball 1-0: Called Strike 1-1: Called Strike 1-2: Fly out, F8 (Flyball, 8LM)
|
Batting: RHB Álex Martínez
|
0-0: SINGLE (Groundball, 4MD)
|
Batting: SHB Darrel Lang
|
0-0: Ball Álex Martínez steals 2nd base 1-0: Called Strike 1-1: Ground out 6-3 (Groundball, 6) Álex Martínez to third
|
Batting: LHB Dave Raines
|
0-0: Ball 1-0: Ball 2-0: Swinging Strike 2-1: Called Strike 2-2: Ball 3-2: Foul Ball, location: 2F 3-2: SINGLE (Groundball, 34D) Álex Martínez scores
|
Pitching: RHP Yuan Si-ma
|
|
Batting: RHB Albert Galindo
|
0-0: Ball 1-0: Swinging Strike 1-1: Called Strike 1-2: Foul Ball, location: 2F 1-2: SINGLE (Groundball, 5D) Dave Raines to second
|
Batting: LHB Cipriano Martínez
|
0-0: DOUBLE (Groundball, 5L) Dave Raines scores Albert Galindo to third Runner from 3rd tries for Home, throw and OUT!
|
Top of the 5th over - 2 run(s), 4 hit(s), 0 error(s), 1 left on base; Ontario 4 - Palmyra 3 |
BOTTOM OF THE 5TH |
Palmyra Overlords batting - Pitching for Ontario Emus : RHP Ánibal Hernández
|
Batting: RHB Matt Thompson
|
0-0: Called Strike 0-1: Ground out 4-3 (Groundball, 4M)
|
Batting: SHB José Rincón
|
0-0: SINGLE (Groundball, 34D) (infield hit)
|
Batting: RHB Ramón Román
|
0-0: Ball 1-0: Ball 2-0: Fly out, F4 (Popup, 34D)
|
Batting: RHB Jaime Rodríguez
|
0-0: Foul Ball, location: 2F 0-1: Ball 1-1: Ball 2-1: Fly out, F8 (Flyball, 8LM)
|
Bottom of the 5th over - 0 run(s), 1 hit(s), 0 error(s), 1 left on base; Ontario 4 - Palmyra 3 |
TOP OF THE 6TH |
Ontario Emus batting - Pitching for Palmyra Overlords : RHP Yuan Si-ma
|
Batting: RHB Jack Crossey
|
0-0: Called Strike 0-1: Called Strike 0-2: Ball 1-2: Ball 2-2: Strikes out swinging
|
Batting: RHB Glen Madden
|
0-0: Ball 1-0: Fly out, F9 (Flyball, 89M)
|
Batting: RHB Álex Ochoa
|
0-0: Called Strike 0-1: Called Strike 0-2: Ball 1-2: Ball 2-2: Foul Ball, location: 2F 2-2: Strikes out swinging
|
Top of the 6th over - 0 run(s), 0 hit(s), 0 error(s), 0 left on base; Ontario 4 - Palmyra 3 |
BOTTOM OF THE 6TH |
Palmyra Overlords batting - Pitching for Ontario Emus : RHP Ánibal Hernández
|
Batting: RHB José Ortega
|
0-0: Ball 1-0: Called Strike 1-1: Swinging Strike 1-2: Foul Ball, location: 2F 1-2: Foul Ball, location: 2F 1-2: Ball 2-2: SINGLE (Groundball, 56D)
|
Batting: LHB Jeff West
|
0-0: Ball 1-0: Ball 2-0: Ball 3-0: Base on Balls José Ortega to second
|
Batting: SHB Travis Martin
|
0-0: Foul Ball, location: 2F 0-1: Foul Ball, location: 2F 0-2: Ball 1-2: Ball 2-2: Foul Ball, location: 2F 2-2: Fly out, F4 (Popup, 4D)
|
Pitching: RHP Shaun Harris
|
|
Batting: RHB Carlos López
|
0-0: Ball 1-0: Called Strike 1-1: Ball 2-1: Foul Ball, location: 2F 2-2: Foul Ball, location: 2F 2-2: SINGLE (Line Drive, 4MD) José Ortega to third Jeff West to second
|
Batting: LHB Ryan Flynn
|
0-0: Ball 1-0: SINGLE (Line Drive, 34) José Ortega scores Jeff West to third Carlos López to second Runner from 3rd tries for Home, SAFE, no throw or cutoff
|
Batting: RHB Matt Thompson
|
0-0: Swinging Strike 0-1: Ball 1-1: Called Strike Carlos López steals 3rd base Ryan Flynn to second 1-2: Fly out, F8 (Flyball, 8RXD) Runner from 3rd tags up, SCORES, no throw Ryan Flynn to third
|
Batting: SHB José Rincón
|
0-0: Called Strike 0-1: Ball 1-1: Ball 2-1: Ball 3-1: Fly out, F8 (Popup, 8RS)
|
Bottom of the 6th over - 3 run(s), 3 hit(s), 0 error(s), 1 left on base; Ontario 4 - Palmyra 6 |
TOP OF THE 7TH |
Ontario Emus batting - Pitching for Palmyra Overlords : RHP Yuan Si-ma
|
Now at SS: David Rodríguez
|
|
Batting: LHB Elvin Summers
|
0-0: Reached on Error, E7 (Flyball, 7S)
|
Batting: RHB Álex Martínez
|
0-0: Ball 1-0: Foul Ball, location: 2F 1-1: Ball 2-1: Foul Ball, location: 2F 2-2: Foul Ball, location: 2F 2-2: Foul Ball, location: 2F 2-2: Strikes out swinging
|
Batting: SHB Darrel Lang
|
0-0: Swinging Strike 0-1: Fly out, F7 (Flyball, 78S)
|
Batting: LHB Dave Raines
|
0-0: Called Strike Elvin Summers is caught stealing 2nd base
|
Top of the 7th over - 0 run(s), 0 hit(s), 1 error(s), 0 left on base; Ontario 4 - Palmyra 6 |
BOTTOM OF THE 7TH |
Palmyra Overlords batting - Pitching for Ontario Emus : RHP Shaun Harris
|
Batting: RHB Ramón Román
|
0-0: Foul Ball, location: 2F 0-1: Ball 1-1: Ball 2-1: Ball 3-1: Foul Ball, location: 2F 3-2: Ground out 6-3 (Groundball, 6)
|
Batting: RHB Jaime Rodríguez
|
0-0: Ball 1-0: Ball 2-0: Ball 3-0: Called Strike 3-1: Ground out 1-3 (Groundball, 13S)
|
Batting: RHB José Ortega
|
0-0: Ball 1-0: Foul Ball, location: 2F 1-1: Swinging Strike 1-2: Ground out 6-3 (Groundball, 6)
|
Bottom of the 7th over - 0 run(s), 0 hit(s), 0 error(s), 0 left on base; Ontario 4 - Palmyra 6 |
TOP OF THE 8TH |
Ontario Emus batting - Pitching for Palmyra Overlords : RHP Yuan Si-ma
|
Pitching: RHP Paul Orr
|
|
Now in LF: Roberto Rodríguez
|
|
Batting: LHB Dave Raines
|
0-0: Fly out, F7 (Flyball, 7S)
|
Batting: RHB Albert Galindo
|
0-0: Foul Ball, location: 2F 0-1: Ground out 4-3 (Groundball, 4)
|
Batting: LHB Cipriano Martínez
|
0-0: Called Strike 0-1: Ground out 4-3 (Groundball, 4)
|
Top of the 8th over - 0 run(s), 0 hit(s), 0 error(s), 0 left on base; Ontario 4 - Palmyra 6 |
BOTTOM OF THE 8TH |
Palmyra Overlords batting - Pitching for Ontario Emus : RHP Shaun Harris
|
Batting: LHB Roberto Rodríguez
|
0-0: DOUBLE (Line Drive, 9LM)
|
Batting: SHB Travis Martin
|
0-0: Called Strike 0-1: Ball 1-1: Ball 2-1: Ball 3-1: Foul Ball, location: 2F 3-2: Foul Ball, location: 2F 3-2: Foul Ball, location: 2F 3-2: Foul Ball, location: 2F 3-2: Fly out, F6 (Popup, 5D)
|
Pitching: RHP Héctor Villegas
|
|
Batting: RHB Carlos López
|
0-0: Foul Ball, location: 2F 0-1: Ball 1-1: Swinging Strike 1-2: Ball 2-2: Strikes out swinging
|
Batting: LHB Ryan Flynn
|
0-0: Ball 1-0: Called Strike 1-1: Ball 2-1: Foul Ball, location: 2F 2-2: Foul Ball, location: 2F 2-2: Strikes out swinging
|
Bottom of the 8th over - 0 run(s), 1 hit(s), 0 error(s), 1 left on base; Ontario 4 - Palmyra 6 |
TOP OF THE 9TH |
Ontario Emus batting - Pitching for Palmyra Overlords : RHP Paul Orr
|
Pitching: LHP Jorge Torres
|
|
Batting: RHB Jack Crossey
|
0-0: Foul Ball, location: 2F 0-1: SINGLE (Groundball, 56D)
|
Pinch Hitting: RHB Júlio Colón
|
0-0: Called Strike 0-1: Called Strike 0-2: Strikes out swinging
|
Batting: RHB Álex Ochoa
|
0-0: Swinging Strike 0-1: Foul Ball, location: 2F 0-2: Strikes out looking
|
Pinch Hitting: SHB César Maldonado
|
0-0: Ball 1-0: SINGLE (Line Drive, 4D) Jack Crossey to second
|
Batting: RHB Álex Martínez
|
0-0: Fly out, F9 (Flyball, 89S)
|
Top of the 9th over - 0 run(s), 2 hit(s), 0 error(s), 2 left on base; Ontario 4 - Palmyra 6 |
|